 Dungeon Crawl Stone Soup version 0.21-a0-404-g291f19a (webtiles) character file.

11228 tilp the Thaumaturge (level 11, -4/67 HPs)
             Began as a Deep Elf Fire Elementalist on Oct 28, 2017.
             Was an Elder of Vehumet.
             Slain by Harold
             ... wielding a +0 glaive
              (6 damage)
             ... on level 10 of the Dungeon.
             The game lasted 00:50:20 (15339 turns).

tilp the Thaumaturge (Deep Elf Fire Elementalist)  Turns: 15339, Time: 00:50:20

Health: -4/67      AC:  8    Str:  5    XL:     11   Next: 46%
Magic:  11/38      EV: 16    Int: 26    God:    Vehumet [****..]
Gold:   125        SH:  0    Dex: 15    Spells: 9/34 levels left

rFire    + . .     SeeInvis .   D - +3 dagger "Poibb" {pierce, Int+2}
rCold    x . .     Gourm    .   (no shield)
rNeg     . . .     Faith    .   r - +0 robe
rPois    .         Spirit   .   o - +2 helmet
rElec    .         Reflect  .   q - +0 cloak
rCorr    .         Harm     .   (no gloves)
MR       +....                  s - +1 pair of boots {Fly}
Stlth    ++........             (no amulet)
HPRegen  0.21/turn              k - ring of fire
MPRegen  0.26/turn              d - ring of magical power

@: no status effects
A: no striking features
a: Renounce Religion, Evoke Flight


You were on level 10 of the Dungeon.
You worshipped Vehumet.
Vehumet was greatly pleased with you.
You were not hungry.

You visited 3 branches of the dungeon, and saw 12 of its levels.
You also visited: Labyrinth.

You collected 496 gold pieces.
You spent 371 gold pieces at shops.

Inventory:

Hand Weapons
 D - the +3 dagger "Poibb" (weapon) {pierce, Int+2}
   (You found it on level 4 of the Dungeon)

   It inflicts extra damage upon your enemies.
   It affects your intelligence (+2).
Missiles
 v - 14 tomahawks (quivered)
Armour
 c - a cursed -1 leather armour
 o - a +2 helmet (worn)
 q - a +0 cloak (worn)
 r - a +0 robe (worn)
 s - a +1 pair of boots of flying (worn)
 G - a +2 ring mail of fire resistance
Jewellery
 d - a ring of magical power (right hand)
 k - a ring of fire (left hand)
 W - an uncursed ring of ice
 Z - an uncursed ring of see invisible
Wands
 a - a wand of iceblast (5/15)
 h - a wand of confusion (20/48)
 p - a wand of lightning (6/15)
 y - a wand of polymorph (0/24)
 K - a wand of lightning (2/15)
 Q - a wand of enslavement (14/24)
 S - a wand of digging (7/24)
Scrolls
 f - a scroll of identify
 g - 2 scrolls of magic mapping
 j - 6 scrolls of recharging
 l - 3 scrolls of teleportation
 z - a scroll of random uselessness {unknown}
 E - a scroll of enchant armour {unknown}
 M - a scroll of blinking {unknown}
 U - a scroll of holy word
 V - a scroll of summoning {unknown}
Potions
 e - 2 potions of heal wounds
 i - 2 potions of berserk rage
 n - a potion of invisibility
 t - 2 potions of flight
 u - 2 potions of cancellation
 w - a potion of mutation
 x - 2 potions of might
 A - a potion of lignification {unknown}
 H - 2 potions of brilliance
 J - 2 potions of agility {unknown}
 P - 2 potions of haste
Comestibles
 b - a chunk of flesh
 L - 5 royal jellies


   Skills:
 * Level 7.5 Fighting
 - Level 4.0 Short Blades
 - Level 6.1 Dodging
 - Level 2.4 Stealth
 + Level 12.3 Spellcasting
 + Level 8.5 Conjurations
 + Level 8.5 Fire Magic
 - Level 4.2 Evocations


You had 9 spell levels left.
You knew the following spells:

 Your Spells              Type           Power        Failure   Level  Hunger
a - Flame Tongue          Conj/Fire      #####        1%          1    None
b - Throw Flame           Conj/Fire      ######       1%          2    None
c - Conjure Flame         Conj/Fire      ######..     1%          3    None
d - Sticky Flame          Conj/Fire      ######..     1%          4    None
e - Fireball              Conj/Fire      ######....   1%          5    ###....
f - Summon Small Mammal   Summ           ###.         3%          1    None
g - Sting                 Conj/Pois      ####         1%          1    None
h - Throw Frost           Conj/Ice       #####.       1%          2    None
i - Animate Skeleton      Necr           N/A          3%          1    None
j - Apportation           Tloc           ###...       3%          1    None
k - Force Lance           Conj/Tloc      #####...     1%          4    None


Dungeon Overview and Level Annotations

Branches:
Dungeon (10/15)            Temple (1/1) D:5            Lair (1/6) D:8
    Orc: D:9-12

Altars:
Ashenzari
Cheibriados
Dithmenos
Elyvilon
Fedhas
Gozag
Hepliaklqana
Kikubaaqudgha
Makhleb
Nemelex Xobeh
Okawaru
Qazlal
Ru
Sif Muna
Trog
Uskayaw
Vehumet
Wu Jian
Xom
Yredelemnul
Zin
The Shining One

Shops:
D:7 ?

Annotations:
D:8 tof's ghost, novice MiGl
D:9 2 transporters
D:10 Harold
Lair:1 exclusion: oklob plant


Message History

Press: ? - help, Shift-Dir - straight line, f/p - Harold
Aim: Harold, wielding a glaive and wearing a runed ring mail (heavily wounded, covered in liquid flames)
You feel a surge of power!
The fireball explodes!
The fireball engulfs Harold.
Harold resists.
Harold is severely wounded.
Harold burns!
Harold casts a spell at you. The bolt of fire hits you! You resist.
* * * LOW HITPOINT WARNING * * *
Casting: Fireball
Confirm with . or Enter, or press ? or * to list all spells.
Aiming: Fireball
Press: ? - help, Shift-Dir - straight line, f/p - Harold
Aim: Harold, wielding a glaive and wearing a runed ring mail (severely wounded, covered in liquid flames)
You feel a surge of power!
The fireball explodes!
The fireball engulfs Harold.
Harold resists.
Harold is almost dead.
Harold burns!
Harold hits you from afar with a glaive.
You die...

. ## ... ... #.#
#.# #+######## #.#
.........######.#
.......@.'...##.#
.........###....##
........@#
###...###
(.[......#
#.#...#####
....>....#
#.###.....#
.........# ##.#
#####.# .........#
#..# #..
#+######## #.##
##. #.# ##


You could see Harold (burning).

Vanquished Creatures
  A minotaur (Lab)
  2 two-headed ogres
  2 unseen horrors (Lab)
  4 gargoyles (Lab)
  2 hippogriffs (D:9)
  A yak (D:7)
  3 hogs (D:7)
  A human (D:7)
  A water moccasin (Lair:1)
  2 porcupines (Lair:1)
  2 hell hounds (D:8)
  4 ice beasts
  A sky beast (D:7)
  A hornet zombie (D:7)
  2 orc warriors
  A phantom (D:8)
  2 centaurs (D:5)
  5 ogres
  Blork the orc (D:5)
  A big kobold (D:8)
  3 bullfrogs
  2 scorpions
  26 killer bees
  An electric eel (D:6)
  4 howler monkeys
  A bullfrog zombie (D:5)
  6 crimson imps
  2 jellies
  8 hounds
  2 centaur skeletons
  11 orc priests
  7 iguanas
  10 orc wizards
  Natasha (thrice) (D:4)
  6 worker ants
  A hound zombie (D:10)
  A hound skeleton (D:7)
  A worker ant zombie (D:8)
  9 gnolls
  15 adders
  3 shadow imps
  An ooze (D:4)
  2 adder zombies
  An adder skeleton (D:6)
  5 worms
  4 dart slugs
  2 leopard geckos
  50 orcs
  2 ball pythons
  3 bats
  6 giant cockroaches
  9 hobgoblins
  14 jackals
  5 quokkas
  8 frilled lizards
  10 goblins
  A jackal skeleton (D:4)
  10 kobolds
  A quokka skeleton (D:6)
  9 rats
304 creatures vanquished.

Notes
Turn   | Place    | Note
-------+----------+-------------------------------------------
     0 | D:1      | tilp the Deep Elf Fire Elementalist began the quest for the Orb.
     0 | D:1      | Reached XP level 1. HP: 10/10 MP: 6/6
   255 | D:1      | Reached XP level 2. HP: 15/15 MP: 5/8
   394 | D:1      | Learned a level 2 spell: Throw Flame
   683 | D:1      | Reached XP level 3. HP: 19/19 MP: 5/10
   688 | D:1      | Learned a level 3 spell: Conjure Flame
  1486 | D:2      | Found a stormy altar of Qazlal.
  1533 | D:2      | Reached XP level 4. HP: 24/24 MP: 7/11
  1542 | D:2      | Learned a level 4 spell: Sticky Flame
  1716 | D:2      | Reached skill level 4 in Spellcasting
  2106 | D:3      | Reached XP level 5. HP: 28/28 MP: 10/14
  2429 | D:3      | Reached skill level 5 in Spellcasting
  2594 | D:3      | Found a bloodstained altar of Trog.
  3056 | D:4      | Reached XP level 6. HP: 32/32 MP: 11/16
  3286 | D:4      | Reached skill level 6 in Spellcasting
  3367 | D:4      | Learned a level 5 spell: Fireball
  3457 | D:4      | Learned a level 1 spell: Summon Small Mammal
  3500 | D:4      | Reached skill level 5 in Conjurations
  3500 | D:4      | Reached skill level 5 in Fire Magic
  3500 | D:4      | Reached XP level 7. HP: 32/36 MP: 3/18
  3687 | D:4      | Noticed Natasha
  3690 | D:4      | Killed Natasha
  3744 | D:4      | Got a jewelled dagger
  4369 | D:4      | Noticed Natasha
  4375 | D:4      | Killed Natasha
  4375 | D:4      | Reached skill level 7 in Spellcasting
  4581 | D:4      | Identified the cursed +3 dagger "Poibb" {pierce, Int+2} (You found it on level 4 of the Dungeon)
  4583 | D:5      | Entered Level 5 of the Dungeon
  4618 | D:4      | Noticed Natasha
  4621 | D:4      | Killed Natasha
  4654 | D:5      | Noticed a two-headed ogre
  4983 | D:5      | Found a staircase to the Ecumenical Temple.
  5182 | Temple   | Entered the Ecumenical Temple
  5191 | Temple   | Became a worshipper of Vehumet
  5311 | D:5      | Noticed Blork the orc
  5318 | D:5      | Killed Blork the orc
  5328 | D:5      | Reached XP level 8. HP: 33/41 MP: 3/21
  5668 | D:5      | Reached skill level 8 in Spellcasting
  5883 | D:5      | Killed a two-headed ogre
  5883 | D:5      | Reached skill level 9 in Spellcasting
  5883 | D:5      | Reached XP level 9. HP: 42/45 MP: 0/24
  7214 | D:6      | Reached * piety under Vehumet
  7214 | D:6      | Offered knowledge of Sting by Vehumet.
  7219 | D:6      | Reached skill level 1 in Fighting
  7234 | D:6      | Learned a level 1 spell: Sting
  7709 | D:6      | Reached skill level 1 in Evocations
  8307 | D:6      | Reached skill level 10 in Spellcasting
  8970 | D:7      | Found a shattered altar of Ashenzari.
  9038 | D:7      | Offered knowledge of Throw Frost by Vehumet.
  9043 | D:7      | Reached ** piety under Vehumet
  9064 | D:7      | Learned a level 2 spell: Throw Frost
  9630 | D:7      | Found Edytusin's Magic Scroll Shop.
  9638 | D:7      | Bought a scroll of enchant weapon for 105 gold pieces
  9638 | D:7      | Bought a scroll of identify for 28 gold pieces
  9638 | D:7      | Bought a scroll of identify for 28 gold pieces
  9638 | D:7      | Bought a scroll of amnesia for 49 gold pieces
  9638 | D:7      | Bought a scroll of identify for 28 gold pieces
  9638 | D:7      | Bought a scroll of identify for 28 gold pieces
  9638 | D:7      | Bought a scroll of holy word for 105 gold pieces
  9926 | D:7      | Found a blossoming altar of Fedhas.
  9973 | D:7      | Reached skill level 1 in Short Blades
 10080 | D:7      | Reached XP level 10. HP: 47/56 MP: 26/26
 10465 | D:7      | Found a deep blue altar of Sif Muna.
 10481 | D:8      | Noticed tof's ghost (novice MiGl)
 10584 | D:8      | Offered knowledge of Static Discharge by Vehumet.
 10869 | D:8      | Found a staircase to the Lair.
 10871 | D:8      | Reached skill level 5 in Dodging
 11073 | D:8      | Reached *** piety under Vehumet
 11141 | D:8      | Noticed a two-headed ogre
 11149 | D:8      | Killed a two-headed ogre
 11149 | D:8      | Reached skill level 11 in Spellcasting
 11589 | Lair:1   | Entered Level 1 of the Lair of Beasts
 11592 | Lair:1   | Found a labyrinth entrance.
 11599 | Lab      | Entered a labyrinth
 11767 | Lab      | Noticed a gargoyle
 11779 | Lab      | Killed a gargoyle
 11779 | Lab      | Reached skill level 5 in Fighting
 11867 | Lab      | Noticed a gargoyle
 11925 | Lab      | Killed a gargoyle
 12022 | Lab      | Noticed a gargoyle
 12025 | Lab      | Killed a gargoyle
 12163 | Lab      | Noticed a gargoyle
 12167 | Lab      | Killed a gargoyle
 12451 | Lab      | Noticed an unseen horror
 12456 | Lab      | Killed an unseen horror
 12537 | Lab      | Noticed an unseen horror
 12539 | Lab      | Killed an unseen horror
 12844 | Lab      | Noticed a minotaur
 13029 | Lab      | Killed a minotaur
 13029 | Lab      | Reached XP level 11. HP: 25/66 MP: 28/28
 13324 | Lair:1   | Found a deep blue altar of Sif Muna.
 13325 | Lair:1   | Noticed an oklob plant
 13378 | Lair:1   | Learned a level 1 spell: Animate Skeleton
 13380 | Lair:1   | Learned a level 1 spell: Apportation
 13387 | Lair:1   | Reached skill level 12 in Spellcasting
 13617 | D:9      | Found a transporter.
 13648 | D:9      | Found a transporter.
 13659 | D:9      | Noticed a yaktaur captain
 13660 | D:9      | Found a shadowy altar of Dithmenos.
 13661 | D:9      | Found a snail-covered altar of Cheibriados.
 13661 | D:9      | Found a hazy altar of Hepliaklqana.
 13828 | D:9      | Offered knowledge of Force Lance by Vehumet.
 13845 | D:9      | Learned a level 4 spell: Force Lance
 14589 | D:10     | Entered Level 10 of the Dungeon
 14676 | D:10     | Reached **** piety under Vehumet
 14992 | D:10     | Offered knowledge of Yara's Violent Unravelling by Vehumet.
 15325 | D:10     | Noticed Harold
 15338 | D:10     | HP: 1/67 [Harold/bolt of fire (12)]
 15339 | D:10     | Slain by Harold

Vault maps used:
D:1:      dpeg_arrival_water_temple_mockup
D:2:      nicolae_qazlal_general_emergency
D:3:      lemuel_crystal_altar, minmay_misc_feat_more_columns, st_stairs_13
D:4:      kennysheep_decorative_pillar, uniq_natasha
D:5:      minmay_temple_entry_purple_smoke, first_bread, cheibrodos_gnoll_hut,
          uniq_blork_the_orc
D:6:      nrook_pool_corridor
D:7:      nicolae_ashenzari_panopticon, lemuel_blue_sif_altar, serial_shops,
          nicolae_shop_statue_plus, grunt_livestock, fedhas_altar_1
D:8:      minmay_lair_entry_lava
D:9:      gammafunk_temple_overflow_arena
D:10:     uniq_harold
Temple:   compressed_dpeg_circular_temple
Lair:1:   lab_entry_generic, nicolae_volcano_entry_lava_flow, lemuel_oklob_altar
Lab:      nicolae_lab_t_cross, nicolae_lab_grate, lab_block

Skill      XL: |  1  2  3  4  5  6  7  8  9 10 11 |
---------------+----------------------------------+-----
Conjurations   | 2 3 4 5 6 7 8 |  8.5
Spellcasting   | 4 5 6 7 9 10 11 12 | 12.3
Fire Magic     | 4 5 6 7 8 |  8.5
Fighting       | 3 6 7 |  7.5
Evocations     | 3 4 |  4.2
Dodging        | 4 6 |  6.1
Short Blades   | 1 4 |  4.0
Stealth        | |  2.4

Action                   |  1- 3 |  4- 6 |  7- 9 | 10-12 || total
-------------------------+-------+-------+-------+-------++-------
Melee: Dagger            |     8 |     2 |   226 |    72 ||   308
 Cast: Flame Tongue      |    74 |    74 |   177 |    76 ||   401
       Throw Flame       |    14 |    28 |    41 |    39 ||   122
       Sticky Flame      |       |     3 |    24 |    48 ||    75
       Conjure Flame     |       |     3 |    25 |    19 ||    47
       Fireball          |       |       |     3 |    18 ||    21
       Throw Frost       |       |       |     2 |    13 ||    15
 Abil: Stop Flying       |       |       |       |     1 ||     1
Evoke: Wand              |       |       |     4 |       ||     4
  Use: Scroll            |       |       |    13 |     5 ||    18
       Potion            |       |       |       |     3 ||     3
  Eat: Chunk             |     2 |     7 |     9 |     7 ||    25
       Royal jelly       |       |       |     1 |       ||     1
       Meat ration       |       |       |     2 |     2 ||     4
       Bread ration      |       |       |       |     1 ||     1
Armor: Robe              |     6 |     3 |    53 |    25 ||    87
Dodge: Dodged            |    30 |    15 |   149 |   122 ||   316

Table legend:
 A = Spawn XP
 B = Non-spawn XP
 C = Spawn XP percentage of total XP
 D = Spawn monster count
 E = Non-spawn monster count
 F = Spawn count percentage of total count
 G = Total turns spent on level
                    A         B        C        D         E        F      G
               +---------+---------+-------+---------+---------+-------+---------
         Total |       0 |   16041 |   0.0 |       0 |     304 |   0.0 | 15339
               +---------+---------+-------+---------+---------+-------+---------
           D:1 |       0 |      56 |   0.0 |       0 |      31 |   0.0 |  1145
           D:2 |       0 |     130 |   0.0 |       0 |      29 |   0.0 |   901
           D:3 |       0 |      66 |   0.0 |       0 |      17 |   0.0 |   887
           D:4 |       0 |     812 |   0.0 |       0 |      35 |   0.0 |  2165
           D:5 |       0 |    2195 |   0.0 |       0 |      30 |   0.0 |  1953
           D:6 |       0 |     380 |   0.0 |       0 |      21 |   0.0 |  1611
           D:7 |       0 |    2175 |   0.0 |       0 |      40 |   0.0 |  1725
           D:8 |       0 |    2156 |   0.0 |       0 |      33 |   0.0 |  1143
           D:9 |       0 |    1633 |   0.0 |       0 |      28 |   0.0 |  1065
          D:10 |       0 |    1846 |   0.0 |       0 |      30 |   0.0 |   750
        Lair:1 |       0 |     445 |   0.0 |       0 |       3 |   0.0 |   191
           Lab |       0 |    4147 |   0.0 |       0 |       7 |   0.0 |  1667
               +---------+---------+-------+---------+---------+-------+---------
